 Dungeon Crawl Stone Soup version 0.31-a0-851-g7ff8af7976 (webtiles) character file.

Game seed: 7321475940863031395

41 Kurtz the Sneak (level 3, -1/29 HPs)
             Began as a Mummy Delver on Oct 6, 2023.
             Slain by an orc
             ... wielding a +2 short sword of freezing
              (2 damage)
             ... on level 4 of the Dungeon.
             The game lasted 00:01:42 (596 turns).

Kurtz the Sneak (Mummy Delver)                       Turns: 596, Time: 00:01:42

Health: -1/29      AC:  3    Str: 17    XL:     3   Next: 32%
Magic:  3/3        EV: 11    Int:  9    God:
Gold:   9          SH:  0    Dex: 13    Spells: 2/2 levels left

rFire   x . .        a - +0 hand axe
rCold   + . .        (no shield)
rNeg    + + +        b - +0 leather armour
rPois   ∞            (no helmet)
rElec   .            (no cloak)
rCorr   .            (no gloves)
SInv    .            (no boots)
Will    .....        (no amulet)
Stlth   ++           (no ring)
HPRegen 0.24/turn    (no ring)
MPRegen 0.08/turn

%: faith
@: no status effects
A: cold resistance 1, negative energy resistance 3, torment resistance 2, heat
vulnerability 1, in touch with death 1, no potions, faith
a: no special abilities


You were on level 4 of the Dungeon.
You visited 1 branch of the dungeon, and saw 2 of its levels.

You collected 9 gold pieces.

Inventory:

Hand Weapons
 a - a +0 hand axe (weapon)
Missiles
 g - 3 poisoned darts
Armour
 b - a +0 leather armour (worn)
Wands
 f - a wand of digging (3)
Scrolls
 c - a scroll of fog
 d - a scroll of revelation
 h - a scroll of noise {unknown}
 i - a scroll of identify {unknown}


   Skills:
 - Level 3.0 Fighting
 * Level 3.1 Axes
 - Level 1.5 Dodging
 - Level 4.1 Stealth


You had 2 spell levels left.
You didn't know any spells.
Your spell library contained the following spells:

 Spells                   Type           Power      Damage    Failure   Level
 Lesser Beckoning         Tloc           0%         N/A       58%         2
 Gell's Gravitas          Tloc           0%         N/A       83%         3
 Teleport Other           Tloc           0%         N/A       83%         3
 Passage of Golubria      Tloc           0%         N/A       99%         4
 Silence                  Hex/Air        0%         N/A       100%        5
 Lehudib's Crystal Spear  Conj/Erth      0%         10d2      100%        8


Dungeon Overview and Level Annotations

Branches:
Dungeon (5/15)
 Temple: D:4-7

Altars:

Shops:
D:4 [


Innate Abilities, Weirdness & Mutations

You are immune to poison.
Your flesh is cold resistant. (rC+)
You are immune to negative energy. (rN+++)
You are immune to unholy pain and torment.
You are vulnerable to heat. (rF-)
You are in touch with the powers of death.
You do not drink.
You have a special connection with the divine. (Faith)


Message History

The orc hits you with a +2 short sword of freezing.
You hit the orc but do no damage.
The orc is moderately wounded.
The orc barely misses you.
The orc hits you with a +2 short sword of freezing.
* * * LOW HITPOINT WARNING * * *
The orc freezes you.
* * * LOW HITPOINT WARNING * * *
As you read the scroll of fear, it crumbles to dust.
You assume a fearsome visage.
The orc looks frightened! x4
Cornered, the orc turns to fight! x2
You see here a +0 club.
You see here 2 stones.
You see here a worm corpse.
You closely miss the orc. The orc hits you but does no damage.
You barely miss the orc. You closely miss the orc.
The orc hits you with a +0 mace. The orc barely misses you.
The orc closely misses you.
You barely miss the orc. You hit the orc. The orc barely misses you.
The orc closely misses you.
You barely miss the orc. You hit the orc but do no damage.
The orc hits you with a +2 short sword of freezing.
The orc hits you with a +0 mace.
The orc hits you with a +2 short sword of freezing.
* * * LOW HITPOINT WARNING * * *
The orc freezes you.
* * * LOW HITPOINT WARNING * * *
You barely miss the orc.
The orc is heavily wounded.
You hit the orc. The orc barely misses you. x2
You hit the orc but do no damage.
The orc is heavily wounded.
You hit the orc. The orc hits you with a +0 mace.
* * * LOW HITPOINT WARNING * * *
The orc hits you but does no damage.
You hit the orc but do no damage.
The orc is heavily wounded.
You hit the orc. The orc closely misses you.
The orc hits you with a +2 short sword of freezing.
You die...

#.######
#.##.⌠∩⌠.# #.#
####..⌠... #.#
##...## #.# #.###
#.# #'#.##
#.#######
####....#
#.......#
#........
#.#####o#
#.###.... #.#
##@## #.# ##...
#.####o..# #.#
##.. #........#
##.######.
######...#
#......... ##.##
###...######
#.#####.......#
#.#.............#
#.#.#####.......#
#.#.# ###...###


You could see 2 orcs.

Vanquished Creatures
  A hound (D:4)
  A worm (D:4)
  4 orcs (D:4)
  An endoplasm (D:4)
7 creatures vanquished.

Notes
Turn   | Place    | Note
-------+----------+-------------------------------------------
     0 | D:5      | Kurtz the Mummy Delver began the quest for the Orb.
     0 | D:5      | Reached XP level 1. HP: 18/18 MP: 1/1
     1 | D:5      | Noticed an iguana
    23 | D:5      | Noticed an ogre
    77 | D:4      | Noticed a hound
   103 | D:4      | Noticed a hound
   125 | D:4      | Killed a hound
   126 | D:4      | Reached XP level 2. HP: 8/24 MP: 2/2
   209 | D:4      | Found Boethruu's Antique Armour Boutique.
   215 | D:4      | Reached XP level 3. HP: 27/29 MP: 3/3
   595 | D:4      | HP: 1/29 [orc/+0 mace (4)]
   596 | D:4      | Slain by an orc

Illustrated notes

Levels and vault maps discovered:
D:4:      layout_loops_ring, serial_shops, nicolae_shop_rolling_square,
          glass_columns_a
D:5:      layout_basic, minmay_overflow_temple_star_quad

Skill      XL: |  1  2  3 |
---------------+----------+-----
Axes           | 2 3 |  3.1
Fighting       | |  3.0
Dodging        | |  1.5
Stealth        | |  4.1

Action                     || total
---------------------------++-------
  Melee: Hand axe          ||    61
         Punch             ||     1
    Use: Scroll            ||     1
   Stab: Sleeping          ||     1
 Armour: Leather armour    ||    40
  Dodge: Dodged            ||    40

Table legend: (Time is in decaauts)
 A = Elapsed time spent in this place.
 B = Non-inter-level travel time spent in this place.
 C = Inter-level travel time spent in this place.
 D = Time resting spent in this place.
 E = Time spent auto-exploring this place.
 F = Levels seen in this place.
 G = Mean time per level.
                   A        B        C        D        E       F      G
               +--------+--------+--------+--------+--------+-----+--------+
         Total |    605 |    605 |      0 |    117 |    110 |   2 |  302.5 |
       Dungeon |    605 |    605 |      0 |    117 |    110 |   2 |  302.5 |
               +--------+--------+--------+--------+--------+-----+--------+

Top non-repeatable levels by time:
     D:4: 530 daAuts
     D:5: 75 daAuts
